 Dungeon Crawl Stone Soup version 0.21.0-3-g78d12a8 (webtiles) character file.

40 pomescollege the Firebug (level 3, -3/24 HPs)
             Began as a Demonspawn Fire Elementalist on Jan 16, 2018.
             Slain by a white imp (4 damage)
             ... summoned by Natasha
             ... on level 2 of the Dungeon.
             The game lasted 00:03:56 (1147 turns).

pomescollege the Firebug (DsFE)                     Turns: 1147, Time: 00:03:57

Health: -3/24      AC:  3    Str:  8    XL:     3   Next: 30%
Magic:  4/6        EV: 12    Int: 17    God:
Gold:   76         SH:  0    Dex: 13    Spells: 5/6 levels left

rFire    . . .     SeeInvis .   h - +7 dagger
rCold    . . .     Gourm    .   (no shield)
rNeg     . . .     Faith    .   a - +0 robe
rPois    .         Spirit   .   (no helmet)
rElec    .         Reflect  .   (no cloak)
rCorr    .         Harm     .   (no gloves)
MR       .....                  (no boots)
Stlth    ++........             (no amulet)
HPRegen  0.08/turn              (no ring)
MPRegen  0.10/turn              (no ring)

@: no status effects
A: rugged brown scales 1, powered by death 1
a: no special abilities


You were on level 2 of the Dungeon.
You were not hungry.

You visited 1 branch of the dungeon, and saw 2 of its levels.

You collected 76 gold pieces.

Inventory:

Hand Weapons
 h - a +7 dagger (weapon)
 l - a +0 spear
Armour
 a - a +0 robe (worn)
Potions
 f - a potion of lignification {unknown}
 g - a potion of flight {unknown}
 i - a potion of invisibility {unknown}
 m - a potion of cancellation {unknown}
Books
 b - a book of Flames

   Spells                             Type                      Level
   a - Flame Tongue                   Conjuration/Fire             1
   b - Throw Flame                    Conjuration/Fire             2
   c - Conjure Flame                  Conjuration/Fire             3
   d - Inner Flame                    Hexes/Fire                   3
   e - Sticky Flame                   Conjuration/Fire             4
   f - Fireball                       Conjuration/Fire             5
Comestibles
 c - 6 rations
 j - 4 chunks of flesh


   Skills:
 - Level 0.4 Short Blades
 - Level 2.2 Dodging
 + Level 2.1 Stealth
 - Level 2.1 Spellcasting
 * Level 1.6 Conjurations
 * Level 3.1 Fire Magic


You had 5 spell levels left.
You knew the following spells:

 Your Spells              Type           Power        Failure   Level  Hunger
a - Flame Tongue          Conj/Fire      ##...        7%          1    #......


Dungeon Overview and Level Annotations

Branches:
Dungeon (2/15)

Altars:

Annotations:
D:2 Natasha


Innate Abilities, Weirdness & Mutations

You are partially covered in rugged brown scales. (AC +1, +3% HP)
You regenerate a little health from kills.


Message History

Aiming: Flame Tongue
Press: ? - help, Shift-Dir - straight line, f - Natasha
Aim: Natasha The flame tongue hits Natasha.
Natasha is heavily wounded.
Natasha misses you. The white imp gestures at you. The puff of frost hits you!
* * * LOW HITPOINT WARNING * * *
Casting: Flame Tongue
Confirm with . or Enter, or press ? or * to list all spells.
Aiming: Flame Tongue
Press: ? - help, Shift-Dir - straight line, f/p - Natasha
Aim: Natasha (heavily wounded)
The flame tongue misses Natasha.
Natasha claws you.
* * * LOW HITPOINT WARNING * * *
The white imp hits you.
* * * LOW HITPOINT WARNING * * *
The white imp freezes you.
You die...

#......#
#......#
#......#
###'####
#!.....#
#.)....#
#......#
#......#
#....@.#
#....5h#
######.#
.# .# ##


You could see Natasha and a white imp.

Vanquished Creatures
  4 leopard geckos
  4 bats (D:1)
  4 goblins (D:1)
  8 jackals (D:2)
  3 kobolds
  A ball python (D:1)
  4 frilled lizards (D:1)
  5 rats
33 creatures vanquished.

Notes
Turn   | Place    | Note
-------+----------+-------------------------------------------
     0 | D:1      | pomescollege the Demonspawn Fire Elementalist began the quest for the Orb.
     0 | D:1      | Reached XP level 1. HP: 13/13 MP: 3/3
   139 | D:1      | Gained mutation: You regenerate a little health from kills. [demonic ancestry]
   139 | D:1      | Reached XP level 2. HP: 12/19 MP: 0/5
   709 | D:1      | Reached skill level 3 in Fire Magic
   893 | D:2      | Gained mutation: You are partially covered in rugged brown scales. (AC +1, +3% HP) [demonic ancestry]
   893 | D:2      | Reached XP level 3. HP: 18/24 MP: 4/6
  1139 | D:2      | Noticed Natasha
  1147 | D:2      | HP: 1/24 [white imp[Natasha] (1)]
  1147 | D:2      | Slain by a white imp

Skill      XL: |  1  2 |
---------------+-------+-----
Dodging        | 2 |  2.2
Fire Magic     | 3 |  3.1
Stealth        | 2 |  2.1
Short Blades   | |  0.4
Spellcasting   | |  2.1
Conjurations   | |  1.6

Action                   || total
-------------------------++-------
Melee: Dagger            ||    60
 Cast: Flame Tongue      ||    14
  Use: Scroll            ||     3
 Stab: Sleeping          ||     4
  Eat: Chunk             ||     1
Armor: Robe              ||    21
Dodge: Dodged            ||    38
